 Dungeon Crawl Stone Soup version 0.17.0-18-gaab0e96 (webtiles) character file.

599 inmateoo the Cudgeler (level 7, 0/44 HPs)
             Began as a Gargoyle Gladiator on Nov 11, 2015.
             Killed by divine providence
             ... invoked by an orc priest
              (15 damage)
             ... on level 4 of the Dungeon.
             The game lasted 00:09:50 (4493 turns).

inmateoo the Cudgeler (Gargoyle Gladiator)          Turns: 4493, Time: 00:09:50

Health: 0/44       AC: 12    Str: 21    XL:     7   Next: 41%
Magic:  7/7        EV:  9    Int:  8    God:
Gold:   165        SH:  9    Dex: 10    Spells: 0 memorised, 6 levels left

rFire  . . .     SeeInvis .     b - +1 whip (flame)
rCold  . . .     Clarity  .     s - +2 leather armour {rPois}
rNeg   + . .     SustAt   +     t - +0 shield
rPois  ∞         Gourm    .     c - +0 helmet
rElec  +         Spirit   .     (no cloak)
rCorr  .         Warding  .     y - +0 pair of gloves
rMut   .         Stasis   +     (no boots)
MR     .....                    w - amulet of stasis
Stlth  +.........               (no ring)
                                o - ring of sustain attributes

@: not resistant to hostile enchantments, very unstealthy
A: negative energy resistance 1, electricity resistance, unbreathing,
petrification resistance, rot immunity, AC +4
a: no special abilities


You were on level 4 of the Dungeon.
You were hungry.

You visited 1 branch of the dungeon, and saw 4 of its levels.

You collected 165 gold pieces.

Inventory:

Hand Weapons
 a - a +0 flail
 b - a +1 whip of flaming (weapon)
 A - a +0 morningstar
Missiles
 d - a throwing net (quivered)
Armour
 c - a +0 helmet (worn)
 s - a +2 leather armour of poison resistance (worn)
 t - a +0 shield (worn)
 y - a +0 pair of gloves (worn)
Jewellery
 o - a ring of sustain attributes (left hand)
 w - an amulet of stasis (around neck)
Scrolls
 g - 4 scrolls of identify {unknown}
 j - 2 scrolls of fog {unknown}
 k - a scroll of recharging {unknown}
 m - a scroll of random uselessness {unknown}
 n - 2 scrolls of blinking {unknown}
 p - 2 scrolls of magic mapping {unknown}
 r - a scroll of noise {unknown}
Potions
 i - 2 potions of curing
 l - a potion of heal wounds {unknown}
 q - a potion of resistance {unknown}
 u - 2 potions of magic {unknown}
 v - a potion of flight {unknown}
 x - a potion of might {unknown}
Comestibles
 e - 4 bread rations
 f - a beef jerky
 h - a meat ration


   Skills:
 + Level 4.6 Fighting
 * Level 5.8 Maces & Flails
 - Level 1.7 Throwing
 + Level 3.5 Armour
 - Level 2.4 Dodging
 + Level 2.9 Shields


You had 6 spell levels left.
You didn't know any spells.

Dungeon Overview and Level Annotations

Branches:
Dungeon (4/15)
 Temple: D:4-7

Altars:
Vehumet

Annotations:
D:2 Sigmund


Innate Abilities, Weirdness & Mutations

You are resistant to torment.
Your stone body is resilient (AC +4).
You are immune to poison.
You resist negative energy.
You are resistant to electric shocks.
You can survive without breathing.
You are immune to petrification.
You are immune to rotting.


Message History

Something smites you!
You hit the orc priest. You burn the orc priest.
The orc priest is severely wounded.
The orc priest completely misses you.
You barely miss the orc priest.
The orc priest is severely wounded.
You barely miss the orc priest.
The orc priest is severely wounded.
The orc priest closely misses you.
You closely miss the orc priest.
The orc priest is severely wounded.
The orc priest hits you with a trident.
You barely miss the orc priest.
The orc priest is severely wounded.
The orc priest closely misses you.
You hit the orc priest but do no damage.
The orc priest is heavily wounded.
The orc priest mumbles some strange prayers to Beogh against you.
Something smites you!
You die...

#.#...........#.#
#.#.######.#..#.#
#.#.# #.#.##.####
#.#.# #.#........
#.#.# #......####
#.#.# ########
### #.#.#
#.#########.#o#
#...........#@#
#.###########.#
#.....)<......#
#.###########.#
### ###


You could see an orc priest.

Vanquished Creatures
  2 scorpions (D:4)
  2 hounds (D:4)
  5 orc wizards
  An orc priest (D:3)
  A worker ant (D:3)
  8 adders
  10 gnolls
  A worm (D:3)
  A giant gecko (D:1)
  11 orcs
  2 ball pythons
  4 giant cockroaches
  5 goblins
  10 hobgoblins
  9 kobolds
  3 quokkas
  7 bats
  5 giant newts
  A quokka skeleton (D:4)
  6 rats
94 creatures vanquished.

Notes
Turn   | Place    | Note
--------------------------------------------------------------
     0 | D:1      | inmateoo the Gargoyle Gladiator began the quest for the Orb.
     0 | D:1      | Reached XP level 1. HP: 12/12 MP: 1/1
   136 | D:1      | Reached XP level 2. HP: 16/18 MP: 2/2
   360 | D:1      | Reached skill level 1 in Armour
   465 | D:1      | Reached XP level 3. HP: 22/22 MP: 3/3
   590 | D:2      | Found a faded altar to an unknown god.
   635 | D:2      | Noticed Sigmund
   737 | D:2      | Reached skill level 4 in Maces & Flails
   737 | D:2      | Reached XP level 4. HP: 14/27 MP: 4/4
  2016 | D:3      | Reached XP level 5. HP: 28/32 MP: 5/5
  2450 | D:3      | Reached skill level 1 in Shields
  2547 | D:3      | Found a radiant altar of Vehumet.
  2775 | D:4      | Reached skill level 5 in Maces & Flails
  2775 | D:4      | Reached XP level 6. HP: 38/38 MP: 6/6
  3415 | D:4      | Noticed a moth of wrath
  4319 | D:4      | Reached XP level 7. HP: 39/44 MP: 7/7
  4493 | D:4      | Killed from afar by an orc priest

Action                   |  1- 3 |  4- 6 |  7- 9 || total
-------------------------+-------+-------+-------++-------
Melee: Flail             |    32 |       |       ||    32
       Whip              |    75 |   318 |    58 ||   451
Throw: Throwing net      |       |     2 |       ||     2
  Use: Potion            |       |     1 |       ||     1
 Stab: Held in net/web   |       |     2 |       ||     2
  Eat: Chunk             |       |    10 |       ||    10
       Beef jerky        |       |     1 |       ||     1
